AoeStats
← tom.klein.kn

Arena

507819821Analyzed
2v2 RM · 11d ago on Sep 19, 2026· 48m 31s· 4 players
Game mode
Random Map
Map size
Medium (4 player)
Population
200
Speed
Normal
Resources
Standard
Victory
Conquest
Starting age
Dark Age
Ending age
Imperial Age
RankedLock teamsTeams togetherTeam positionsShared explorationLock speedFull tech treeHidden civsTurbo modeCheats
Victory
Defeat
🇹🇷 Franks · Türkiye
1105
+13
🇹🇷 Turks · Türkiye
1071
+15
🇩🇪 Bengalis · Germany
1044
-14
🇩🇪 Khmer · Germany
1043
-14
FlorianStefan
11:07 Feudal Age
10:02 Loom
16:08 Castle Age
14:39 Double-Bit Axe
14:39 Horse Collar
17:37 Heavy Plow
20:51 Bow Saw
20:56 Town Watch
23:55 Padded Archer Armor
23:46 Fletching
25:11 Wheelbarrow
25:22 Gold Mining
26:44 Leather Archer Armor
27:14 Ballistics
26:52 Murder Holes
28:30 Bodkin Arrow
32:55 Imperial Age
30:41 Hand Cart
31:14 Scale Barding Armor
31:20 Forging
31:10 Scale Mail Armor
32:02 Gold Shaft Mining
31:18 Stone Mining
32:11 Masonry
32:12 Fortified Wall
33:39 Iron Casting
34:40 Chemistry
33:49 Siege Engineers
34:15 Architecture
33:57 Bracer
34:38 Ring Archer Armor
34:24 Town Patrol
36:19 Blast Furnace
35:34 Chain Mail Armor
35:40 Chain Barding Armor
35:09 Elite Elephant Archer
38:39 Squires
38:00 Pikeman
39:59 Light Cavalry
40:49 Bloodlines
40:40 Husbandry
tom.klein.kn
5:20 Loom
12:59 Feudal Age
13:34 Horse Collar
13:39 Double-Bit Axe
17:28 Castle Age
17:01 Bloodlines
16:55 Stone Mining
18:51 Husbandry
26:10 Stone Shaft Mining
27:01 Light Cavalry
31:33 Imperial Age
30:00 Ballistics
32:17 Bow Saw
32:29 Forging
32:25 Scale Barding Armor
32:21 Scale Mail Armor
32:21 Padded Archer Armor
32:12 Fletching
33:27 Chemistry
32:40 Gold Mining
37:37 Double Crossbow
38:43 Heavy Scorpion
40:49 Conscription
41:52 Gold Shaft Mining
44:23 Elite Battle Elephant
Mclahm
10:28 Feudal Age
14:21 Castle Age
12:56 Double-Bit Axe
22:09 Loom
23:14 Wheelbarrow
22:29 Town Watch
25:19 Scale Barding Armor
25:25 Forging
25:20 Gold Mining
28:39 Bow Saw
29:03 Hand Cart
29:23 Chain Barding Armor
29:38 Iron Casting
32:09 Imperial Age
30:03 Husbandry
31:53 Town Patrol
31:47 Stone Mining
33:06 Gold Shaft Mining
32:16 Cavalier
34:12 Plate Barding Armor
35:58 Paladin
46:00 Light Cavalry
48:20 Blast Furnace
KamaGraa3969
10:32 Feudal Age
15:19 Castle Age
13:51 Double-Bit Axe
14:14 Horse Collar
23:19 Gold Mining
23:19 Stone Mining
25:01 Heavy Plow
25:13 Bow Saw
26:59 Gold Shaft Mining
31:56 Imperial Age
31:24 Wheelbarrow
30:34 Town Watch
30:34 Loom
30:42 Town Watch
33:18 Bloodlines
33:55 Conscription
35:57 Two-Man Saw
41:06 Hand Cart
40:51 Town Patrol
40:54 Artillery
Connection lost

Rejoining the realm…

Still unreachable

The connection could not be restored.

Session expired

The server has moved on; the page needs a fresh start.